 Dungeon Crawl Stone Soup version 0.28.0-45-g0d030f2227 (webtiles) character file.

Game seed: 10133841443160490393

92 seaoflcl the Skirmisher (level 4, 0/36 HPs)
             Began as a Human Fighter on Apr 11, 2022.
             Was an Initiate of Ru.
             Succumbed to an adder's poison
             ... on level 3 of the Dungeon.
             The game lasted 00:03:19 (2010 turns).

seaoflcl the Skirmisher (Human Fighter)             Turns: 2010, Time: 00:03:20

Health: 0/36       AC:  8    Str: 18    XL:     4   Next: 90%
Magic:  4/4        EV:  9    Int:  9    God:    Ru [......]
Gold:   104        SH:  4    Dex: 12    Spells: 3/3 levels left

rFire   . . .      SeeInvis .   a - +0 long sword
rCold   . . .      Faith    .   c - +0 buckler
rNeg    . . .      Spirit   .   b - +0 scale mail
rPois   .          Reflect  .   (no helmet)
rElec   .          Harm     .   (no cloak)
rCorr   .          Rampage  .   (no gloves)
Will    .....                   e - +0 pair of boots
Stlth   ..........              (no amulet)
HPRegen 0.12/turn               (no ring)
MPRegen 0.09/turn               (no ring)

@: mighty, lethally poisoned (0 -> -2), attractive
A: no striking features
a: Renounce Religion


You were on level 3 of the Dungeon.
You worshipped Ru.
Ru was noncommittal.
You visited 1 branch of the dungeon, and saw 3 of its levels.

You collected 124 gold pieces.
You spent 20 gold pieces at shops.

Inventory:

Hand Weapons
 a - a +0 long sword (weapon)
Armour
 b - a +0 scale mail (worn)
 c - a +0 buckler (worn)
 e - a +0 pair of boots (worn)
Potions
 d - a potion of might
 f - a potion of haste
 g - a potion of flight
 j - a potion of brilliance


   Skills:
 + Level 3.6 Fighting
 + Level 2.9 Long Blades
 + Level 3.5 Armour
 + Level 1.0 Dodging
 + Level 3.5 Shields


You had 3 spell levels left.
You didn't know any spells.
Your spell library contained the following spells:

 Spells                   Type           Power      Damage    Failure   Level
 Animate Skeleton         Necr           0%         N/A       86%         1
 Magic Dart               Conj           0%         1d3       86%         1
 Pain                     Necr           0%         1d4       86%         1
 Call Imp                 Summ           0%         N/A       94%         2
 Mephitic Cloud           Conj/Pois/Air  0%         N/A       99%         3
 Stone Arrow              Conj/Erth      0%         3d7       99%         3
 Vampiric Draining        Necr           0%         2d6       99%         3
 Animate Armour           Summ/Erth      0%         N/A       100%        4
 Agony                    Necr           0%         N/A       100%        5
 Lehudib's Crystal Spear  Conj/Erth      0%         10d2      100%        8


Dungeon Overview and Level Annotations

Branches:
Dungeon (3/15)

Altars:
Kikubaaqudgha
Ru

Shops:
D:2 (*?(?


Message History

The endoplasm is heavily wounded.
You feel sick. The bat hits you but does no damage. x2
The adder barely misses you. The endoplasm freezes you.
You are frozen.
You block the adder's attack.
You hit the endoplasm.
The endoplasm is severely wounded.
You feel sick. The bat hits you but does no damage.
The endoplasm closely misses you. The bat hits you but does no damage.
The adder bites you but does no damage.
The endoplasm hits you but does no damage.
You hit the endoplasm.
You kill the endoplasm!
You feel sick. The bat hits you but does no damage. x2
The bat closely misses you. The adder barely misses you.
The adder closely misses you.
You hit the adder.
The adder is lightly wounded.
You feel sick.
The bat hits you but does no damage. x2; The bat hits you.
* * * LOW HITPOINT WARNING * * *
The adder bites you but does no damage. The adder bites you.
* * * LOW HITPOINT WARNING * * *
You are lethally poisoned!
The adder poisons you!
You feel very mighty all of a sudden.
* * * LOW HITPOINT WARNING * * *
You feel sick. You block the bat's attack. The adder completely misses you.
You closely miss the adder.
The adder is lightly wounded.
* * * LOW HITPOINT WARNING * * *
You feel sick. The bat barely misses you. The adder barely misses you.
The bat closely misses you. The adder closely misses you.
You barely miss the adder.
The adder is lightly wounded.
* * * LOW HITPOINT WARNING * * *
You feel sick. The bat misses you. The adder bites you but does no damage.
* * * LOW HITPOINT WARNING * * *
You feel sick. The bat barely misses you.
The adder bites you but does no damage.
You die...

#.# ......... #J#.#S#..
#.#.#.#.# #.#.#.#.# #
#.#.#.#.# #.#.#.#.#.#
###.#.#.#.#.###########.
..............S.@.......
###.#.#.#.#.#...........
#.#.#)#.#.#########.
#<#.#.#.#.. ###.#.#.####
..#.#.. ###.### #..


You could see an adder.

Vanquished Creatures
  A water moccasin zombie (D:2)
  4 adders (D:2)
  An adder zombie (D:2)
  4 dart slugs
  5 bats
  5 endoplasms
  2 giant cockroaches (D:2)
  6 hobgoblins
  3 quokkas (D:2)
  3 ball pythons
  A frilled lizard skeleton (D:2)
  5 goblins
  2 kobolds
  A kobold zombie (D:2)
  8 rats
51 creatures vanquished.

Notes
Turn   | Place    | Note
-------+----------+-------------------------------------------
     0 | D:1      | seaoflcl the Human Fighter began the quest for the Orb.
     0 | D:1      | Reached XP level 1. HP: 18/18 MP: 1/1
   167 | D:1      | Reached XP level 2. HP: 24/24 MP: 2/2
   173 | D:1      | Found a faded altar of an unknown god.
   183 | D:1      | Prayed at the altar of an unknown god.
   183 | D:1      | Became a worshipper of Kikubaaqudgha
   183 | D:1      | Reached * piety under Kikubaaqudgha
   183 | D:1      | Received a gift from Kikubaaqudgha
   605 | D:1      | Reached XP level 3. HP: 26/29 MP: 3/3
  1131 | D:2      | Found Poohoj's Magic Scroll Boutique.
  1139 | D:2      | Bought a scroll of identify for 20 gold pieces
  1160 | D:2      | Found Inolus's Assorted Antiques.
  1228 | D:2      | Found Riso's Weapon Emporium.
  1235 | D:2      | Found a sacrificial altar of Ru.
  1243 | D:2      | Reached ** piety under Kikubaaqudgha
  1244 | D:2      | Reached XP level 4. HP: 35/35 MP: 4/4
  1274 | D:2      | Reached skill level 1 in Dodging
  1297 | D:2      | Fell from the grace of Kikubaaqudgha
  1297 | D:2      | Became a worshipper of Ru the Awakened
  1449 | D:2      | Found Ciucizergh's Antique Weapon Emporium.
  1464 | D:2      | Found Loiczau's Magic Scroll Emporium.
  2009 | D:3      | HP: 1/36 [poisoned by an adder]
  2010 | D:3      | Succumbed to an adder's poison

Illustrated notes

Levels and vault maps discovered:
D:1:      roderic_chinese_lattice_arrival, layout_loops_cross,
          hellmonk_ecumenical_altar_run_dry
D:2:      layout_basic, serial_shops, nicolae_shop_trees, shop_statue,
          nicolae_shop_bloodbath_and_beyond, shop, shop, basic_altar,
          nicolae_figureground_sparkle
D:3:      layout_basic, mainiacjoe_overflow_alcove_4

Skill      XL: |  1  2  3  4 |
---------------+-------------+-----
Dodging        | 1 |  1.0
Fighting       | |  3.6
Long Blades    | |  2.9
Armour         | |  3.5
Shields        | |  3.5

Action                   |  1- 3 |  4- 6 || total
-------------------------+-------+-------++-------
Melee: Long sword        |    88 |    84 ||   172
  Use: Scroll            |       |     3 ||     3
       Potion            |       |     2 ||     2
Armor: Scale mail        |    42 |    85 ||   127
Dodge: Dodged            |    51 |    62 ||   113
Block: Buckler           |    20 |    28 ||    48
